 Dungeon Crawl Stone Soup version 0.30-a0-883-g5ad918d77d (webtiles) character file.

Game seed: 6789036823443887957

965 cforsyth the Ogre Mage (level 8, 0/67 HPs)
             Began as an Ogre Fire Elementalist on Mar 17, 2023.
             Slain by a black bear (6 damage)
             ... on level 6 of the Dungeon.
             The game lasted 00:14:06 (4917 turns).

cforsyth the Ogre Mage (Ogre Fire Elementalist)     Turns: 4917, Time: 00:14:07

Health: 0/67       AC:  3    Str: 13    XL:     8   Next: 15%
Magic:  0/15       EV: 10    Int: 20    God:
Gold:   185        SH:  0    Dex:  9    Spells: 14/17 levels left

rFire   . . .      SeeInvis +    d - +0 mace (protect)
rCold   . . .      Faith    .    (no shield)
rNeg    . . .      Spirit   .    k - +1 robe "Kurecs" {*Corrode Int+2 SInv}
rPois   .          Reflect  .    (helmet restricted)
rElec   .          Rampage  .    (no cloak)
rCorr   .                        (gloves unavailable)
Will    .....                    (boots unavailable)
Stlth   ++                       (no amulet)
HPRegen 0.31/turn                (no ring)
MPRegen 0.14/turn                (no ring)

@: corroded, under a protective aura
A: large, unfitting armour, tough skin 1
a: no special abilities


You were on level 6 of the Dungeon.
You visited 1 branch of the dungeon, and saw 6 of its levels.
You also visited: Ossuary.

You collected 185 gold pieces.

Inventory:

Hand Weapons
 d - a +0 mace of protection (weapon)
Armour
 a - a +1 robe
 k - the +1 robe "Kurecs" (worn) {*Corrode Int+2 SInv}
   (You found it on level 2 of the Dungeon)

   Int:       It affects your intelligence (+2).
   SInv:      It lets you see invisible.
   *Corrode:  It may corrode you when you take damage.
Jewellery
 i - a ring of ice
 m - an amulet of guardian spirit
Wands
 r - a wand of polymorph (9)
Scrolls
 b - a scroll of blinking
 j - 2 scrolls of fear
 n - 2 scrolls of immolation
 p - 2 scrolls of enchant armour
Potions
 c - a potion of heal wounds {unknown}
 e - 2 potions of invisibility {unknown}
 f - a potion of resistance {unknown}
 g - 2 potions of curing
 h - 3 potions of haste
 l - 2 potions of attraction {unknown}
 o - 2 potions of mutation {unknown}
 q - 2 potions of might {unknown}


   Skills:
 + Level 4.0 Dodging
 + Level 3.5 Stealth
 + Level 5.1 Spellcasting
 + Level 3.6 Conjurations
 + Level 4.5 Fire Magic


You had 14 spell levels left.
You knew the following spells:

 Your Spells              Type           Power      Damage    Failure   Level
a - Foxfire               Conj/Fire      84%        2x1d8     2%          1
b - Scorch                Fire           46%        2d7       2%          2

Your spell library contained the following spells:

 Spells                   Type           Power      Damage    Failure   Level
 Momentum Strike          Conj/Tloc      24%        3d8       9%          2
 Inner Flame              Hex/Fire       14%        N/A       14%         3
 Blink                    Tloc           10%        N/A       17%         2
 Lesser Beckoning         Tloc           10%        N/A       17%         2
 Kindle Blastsparks       Fire/Tloc/Air  22%        2d11      19%         3
 Flame Wave               Conj/Fire      21%        2d8       22%         4


Dungeon Overview and Level Annotations

Branches:
Dungeon (7/15)            Ossuary (visited)
 Temple: D:4-7

Altars:
Fedhas

Shops:
D:6 [   D:7 (


Innate Abilities, Weirdness & Mutations

You are too large for most types of armour.
You have tough skin. (AC +1)


Message History

The foxfire hits the black bear.
The black bear is burned terribly!
The black bear is heavily wounded.
The foxfire hits the black bear.
The black bear is severely wounded.
The black bear bites you. The black bear claws you.
The black bear closely misses you.
Unknown command.
Casting: Scorch (safe; 2% risk of failure)
Confirm with . or Enter, or press ? or * to list all spells.
You conjure some foxfire!
The foxfire hits the rat!
You kill the rat!
The black bear closely misses you. The black bear claws you.
The black bear barely misses you.
You hit the black bear.
Your weapon exudes an aura of protection.
The black bear is severely wounded.
The foxfire hits the black bear but does no damage.
The black bear is severely wounded.
The black bear goes berserk!
Unknown command.
Casting: Foxfire (safe; 2% risk of failure)
Confirm with . or Enter, or press ? or * to list all spells.
You conjure some foxfire!
The black bear barely misses you. The black bear claws you.
Your corrosive artefact corrodes you!
The black bear claws you.
* * * LOW HITPOINT WARNING * * *
You hit the black bear.
The black bear is severely wounded.
The black bear is no longer more vulnerable to fire.
The foxfire hits the rat.
You kill the rat!
The foxfire hits the black bear.
The black bear is almost dead.
The black bear bites you!
* * * LOW HITPOINT WARNING * * *
Your corrosive artefact corrodes you!
The black bear closely misses you. The black bear claws you.
* * * LOW HITPOINT WARNING * * *
The black bear bites you.
You die...

# #### # #... # #..## ~ #### #..#
.~~ ...####.####
##############...r~
.).........####§@h†..........r.(~
##.####(.......§..##########.r...
##†## ###...#####......# .##
#..## #.#.# ######.###
##..####.#+##########...########
##......≈.≈≈?.....o.........<..
###..#≈≈.≈≈#.#########..$.....
##.'..∩.o'.# ##.......
###≈≈.≈≈### #.......


You could see a black bear (berserk).

Vanquished Creatures
  2 ice beasts
  A centaur (D:7)
  A phantom (D:6)
  A lemure (D:7)
  A bullfrog (D:7)
  A scorpion (D:6)
  2 jellies (D:4)
  2 hounds
  3 centaur zombies (Ossuary)
  An orc priest (D:6)
  An iguana (D:3)
  2 orc wizards
  6 mummies (Ossuary)
  2 adders
  2 dart slugs
  13 orcs
  6 endoplasms
  2 giant cockroaches
  6 goblins
  9 hobgoblins
  4 jackals (D:4)
  7 kobolds
  4 quokkas
  6 ball pythons
  2 bats
  2 frilled lizards
  A goblin zombie (D:4)
  4 hobgoblin zombies (Ossuary)
  A quokka zombie (D:4)
  5 rats
100 creatures vanquished.

Vanquished Creatures (others)
  529 foxfires
529 creatures vanquished.

Grand Total: 629 creatures vanquished

Notes
Turn   | Place    | Note
-------+----------+-------------------------------------------
     0 | D:1      | cforsyth the Ogre Fire Elementalist began the quest for the
                  | Orb.
     0 | D:1      | Reached XP level 1. HP: 16/16 MP: 3/3
    66 | D:1      | Reached skill level 1 in Conjurations
   189 | D:1      | Reached XP level 2. HP: 24/24 MP: 2/5
   799 | D:1      | Reached XP level 3. HP: 31/31 MP: 2/7
  1252 | D:2      | Identified the +1 robe "Kurecs" {*Corrode Int+2 SInv}
  1439 | D:2      | Found a blossoming altar of Fedhas.
  1924 | D:3      | Reached skill level 3 in Spellcasting
  2147 | D:3      | Reached XP level 4. HP: 39/39 MP: 5/8
  2751 | D:4      | Reached XP level 5. HP: 45/45 MP: 3/9
  2912 | D:4      | Found a sand-covered staircase.
  2977 | Ossuary  | Entered an ossuary
  2990 | Ossuary  | Reached XP level 6. HP: 22/53 MP: 1/11
  3331 | Ossuary  | Reached skill level 4 in Spellcasting
  3895 | D:4      | You fall into a shaft and drop 3 floors!
  3905 | D:7      | Reached XP level 7. HP: 41/59 MP: 6/13
  3908 | D:7      | Learned a level 2 spell: Scorch
  4239 | D:7      | Found Xiheb's Antique Weapon Shop.
  4771 | D:6      | Reached XP level 8. HP: 62/67 MP: 3/15
  4803 | D:6      | Reached skill level 5 in Spellcasting
  4827 | D:6      | Found Sethru Wuso's Antique Armour Shop.
  4917 | D:6      | Slain by a black bear

Illustrated notes

Levels and vault maps discovered:
D:1:      tarquinn_simple_flora_water_c, layout_rooms
D:2:      layout_rooms, basic_altar
D:3:      layout_basic, roderic_lattice_a
D:4:      layout_basic, enter_ossuary_4
D:6:      layout_rooms, trog_hazing_becter, portal_sewer_entry_b, serial_shops,
          nicolae_shop_hallway_plus
D:7:      layout_basic, minmay_temple_entry_statues_fountains, serial_shops,
          nicolae_shop_trees, uniq_pikel

Skill      XL: |  1  2  3  4  5  6  7  8 |
---------------+-------------------------+-----
Conjurations   | 1 2 3 |  3.6
Dodging        | 2 3 4 |  4.0
Fire Magic     | 3 4 |  4.5
Spellcasting   | 3 4 5 |  5.1
Stealth        | 2 3 |  3.5

Action                     |  1- 3 |  4- 6 |  7- 9 || total
---------------------------+-------+-------+-------++-------
  Melee: Unarmed           |       |     7 |       ||     7
         Mace              |       |     5 |    24 ||    29
   Cast: Foxfire           |   113 |   125 |    60 ||   298
         Scorch            |       |       |    16 ||    16
    Use: Scroll            |       |     3 |     4 ||     7
         Potion            |       |     2 |     2 ||     4
 Armour: Robe              |     4 |    15 |    21 ||    40
  Dodge: Dodged            |     7 |    32 |    38 ||    77

Table legend: (Time is in decaauts)
 A = Elapsed time spent in this place.
 B = Non-inter-level travel time spent in this place.
 C = Inter-level travel time spent in this place.
 D = Time resting spent in this place.
 E = Time spent auto-exploring this place.
 F = Levels seen in this place.
 G = Mean time per level.
                   A        B        C        D        E       F      G
               +--------+--------+--------+--------+--------+-----+--------+
         Total |   4896 |   4861 |     35 |    563 |   3245 |   7 |  699.4 |
       Dungeon |   4399 |   4364 |     35 |    220 |   3221 |   6 |  733.2 |
       Ossuary |    497 |    497 |      0 |    343 |     24 |   1 |  497.0 |
               +--------+--------+--------+--------+--------+-----+--------+

Top non-repeatable levels by time:
     D:3: 1200 daAuts
     D:1: 969 daAuts
     D:4: 668 daAuts
     D:7: 649 daAuts
     D:2: 549 daAuts
 Ossuary: 497 daAuts
     D:6: 362 daAuts
